 Dungeon Crawl Stone Soup version 0.19-a0-1071-g4ed3155 (webtiles) character file.

63 AlphabetPasta the Shooter (level 3, -5/24 HPs)
             Began as a High Elf Arcane Marksman on Aug 5, 2016.
             Slain by an orc wizard
             ... wielding a +0 dagger
              (6 damage)
             ... on level 3 of the Dungeon.
             The game lasted 00:09:18 (2310 turns).

AlphabetPasta the Shooter (HEAM)                    Turns: 2310, Time: 00:09:21

Health: -5/24      AC:  2    Str: 11    XL:     3   Next: 89%
Magic:  7/7        EV: 13    Int: 16    God:
Gold:   58         SH:  0    Dex: 15    Spells: 2 memorised, 3 levels left

rFire  . . .     SeeInvis .     a - +0 short sword
rCold  . . .     Gourm    .     e - +0 robe
rNeg   . . .     Faith    .     (no shield)
rPois  .         Spirit   .     (no helmet)
rElec  .         Dismiss  .     (no cloak)
rCorr  .         Reflect  .     (no gloves)
SustAt .         Harm     .     (no boots)
MR     .....                    (no amulet)
Stlth  +.........               (no ring)
                                (no ring)

@:
A: no striking features
a: no special abilities


You were on level 3 of the Dungeon.
You were not hungry.

You visited 1 branch of the dungeon, and saw 3 of its levels.

You collected 58 gold pieces.

Inventory:

Hand Weapons
 a - a +0 short sword (weapon)
 b - a +0 shortbow
 i - a +0 dagger
Missiles
 d - 14 arrows
Armour
 e - a +0 robe (worn)
Scrolls
 g - 2 scrolls of noise {unknown}
 h - 2 scrolls of remove curse {unknown}
 j - a scroll of fear {unknown}
 k - 2 scrolls of amnesia {unknown}
 l - a scroll of blinking {unknown}
 m - 2 scrolls of identify {unknown}
 n - a scroll of fog {unknown}
 s - a scroll of enchant weapon {unknown}
 t - a scroll of random uselessness {unknown}
Potions
 o - a potion of brilliance
 u - a potion of degeneration {unknown}
Books
 c - a book of Debilitation

   Spells                             Type                      Level
   a - Corona                         Hexes                        1
   b - Slow                           Hexes                        2
   c - Gell's Gravitas                Hexes/Translocation          3
   d - Inner Flame                    Hexes/Fire                   3
   e - Cause Fear                     Hexes                        4
   f - Leda's Liquefaction            Hexes/Earth                  4
Comestibles
 f - a bread ration
 p - 5 chunks of flesh
 q - a slice of pizza
 r - a meat ration


   Skills:
 + Level 1.7 Fighting
 + Level 1.3 Short Blades
 * Level 4.1 Bows
 + Level 2.5 Dodging
 + Level 2.0 Spellcasting
 - Level 3.0 Hexes


You had 3 spell levels left.
You knew the following spells:

 Your Spells              Type           Power        Failure   Level  Hunger
a - Corona                Hex            ##.....      8%          1    #......
b - Slow                  Hex            ##......     10%         2    ###....


Dungeon Overview and Level Annotations

Branches:
Dungeon (3/15)

Altars:
Hepliaklqana
Xom


Message History

The orc wizard flickers and vanishes!
Deactivating autopickup; reactivate with Ctrl-A.
You closely miss the jackal.
The jackal is almost dead.
The jackal misses you.
You hit the jackal.
You kill the jackal!
Something hits you.
You closely miss something.
You hear some strange, mumbled words.
A puff of frost appears from out of thin air!
The puff of frost hits you!
Ouch! That really hurt!
You miss something.
You hear some strange, mumbled words.
A puff of frost appears from out of thin air!
The puff of frost hits you!
* * * LOW HITPOINT WARNING * * *
Something hits you.
You die...

###################
#######.................#
........###############.##
.#####...@(o...?# ##...
#.####h###.######..## #.
.. ........# #. ##
#######.# .. #.# #. #.# #.
#.# #.# #.#


You could see an orc and a jackal.

Vanquished Creatures
  An adder (D:2)
  An ooze (D:2)
  A giant gecko (D:3)
  An orc (D:3)
  A ball python (D:2)
  2 giant cockroaches
  9 goblins
  4 hobgoblins (D:1)
  2 jackals (D:3)
  9 bats
  3 giant newts
  7 kobolds
  6 rats
47 creatures vanquished.

Notes
Turn   | Place    | Note
-------+----------+-------------------------------------------
     0 | D:1      | AlphabetPasta the High Elf Arcane Marksman began the quest for the Orb.
     0 | D:1      | Reached XP level 1. HP: 13/13 MP: 3/3
   177 | D:1      | Reached skill level 3 in Bows
   373 | D:1      | Reached XP level 2. HP: 12/18 MP: 5/5
   377 | D:1      | Learned a level 2 spell: Slow
  1237 | D:2      | Reached XP level 3. HP: 23/23 MP: 6/6
  1243 | D:2      | Reached skill level 1 in Short Blades
  2046 | D:3      | Found a shimmering altar of Xom.
  2047 | D:3      | Found a hazy altar of Hepliaklqana.
  2047 | D:3      | Noticed a giant orange brain
  2048 | D:3      | Noticed a spectral ugly thing
  2048 | D:3      | Noticed a giant orange brain
  2144 | D:3      | Reached skill level 4 in Bows
  2310 | D:3      | HP: 1/24 [something/puff of frost (8)]
  2310 | D:3      | Slain by an orc wizard

Vault maps used:
D:1:      scummos_arrival_simple_fountains, minmay_split_cup_small
D:3:      regret_index_temple_of_mockery, first_bread, st_stairs_4,
          kennysheep_orc_chapel, uniq_iyjb

Skill      XL: |  1  2  3 |
---------------+----------+-----
Bows           | 3 4 |  4.1
Short Blades   | 1 |  1.3
Spellcasting   | 2 |  2.0
Fighting       | |  1.7
Dodging        | |  2.5
Hexes          | |  3.0

Action                   || total
-------------------------++-------
Melee: Short sword       ||    30
 Fire: Shortbow          ||   139
 Cast: Slow              ||     3
  Use: Potion            ||     3
  Eat: Chunk             ||     3
       Beef jerky        ||     1
Armor: Robe              ||    10
Dodge: Dodged            ||    61
